 Dungeon Crawl Stone Soup version 0.30.1-4-g462c640d31 (webtiles) character file.

Game seed: 10670547531597917183

237393 AndyM the Slayer (level 18, -18/182 HPs)
             Began as a Minotaur Fighter on Aug 20, 2023.
             Was a High Priest of Trog.
             Demolished by a rockslime (24 damage)
             ... created by the Royal Jelly
             ... on level 4 of the Pits of Slime on Aug 22, 2023.
             The game lasted 03:13:40 (49085 turns).

AndyM the Slayer (Minotaur Fighter)                Turns: 49085, Time: 03:13:42

Health: -18/182    AC:  9    Str: 26      XL:     18   Next: 96%
Magic:  17/17      EV:  8    Int: 12      God:    Trog [*****.]
Gold:   2218       SH: 26    Dex: 12 (13) Spells: 17/17 levels left

rFire   + . .        n - +9 war axe (heavy)
rCold   + . .        N - +5 tower shield
rNeg    . . .        F - +2 plate armour {rC+}
rPois   .            Q - +2 hat
rElec   .            b - +2 cloak of Modesty {Rampage Will+ Int+3 Dex+2}
rCorr   +            x - +2 pair of gloves
SInv    +            W - +2 pair of boots of the Vacuum {-Cast +Blink SInv}
Will    ++...        C - amulet of faith Stlth
                     P - ring of resist corrosion
HPRegen 0.50/turn    u - +4 ring of protection
MPRegen 0.15/turn

%: no spellcasting, rampage, faith
@: corroded, on berserk cooldown, slowed, unable to drink, very slow
A: horns 2, retaliatory headbutt, iridescent scales 1, clever 1, deterioration
2, fire resistance 1, sense surroundings 1, inability to drink after injury 2,
sturdy frame 1
}: 1/15 runes: serpentine
a: Renounce Religion, Evoke Blink, Berserk, Trog's Hand, Brothers in Arms


You were on level 4 of the Pits of Slime.
You worshipped Trog.
Trog was extremely pleased with you.
You visited 7 branches of the dungeon, and saw 34 of its levels.
You also visited: Trove, Sewer and Ice Cave.

You collected 3146 gold pieces.
You spent 928 gold pieces at shops.

Inventory:

Hand Weapons
 m - a +4 broad axe
 n - a +9 heavy war axe (weapon)
Armour
 b - the +2 cloak of Modesty (worn) {Rampage Will+ Int+3 Dex+2}
   (You acquired it on level 10 of the Dungeon)

   Int:       It affects your intelligence (+3).
   Dex:       It affects your dexterity (+2).
   Rampage:   It bestows one free step when moving towards enemies.
   Will:      It increases your willpower.
 t - +0 acid dragon scales
 x - a +2 pair of gloves (worn)
 F - a +2 plate armour of cold resistance (worn)
 N - a +5 tower shield (worn)
 Q - a +2 hat (worn)
 W - the +2 pair of boots of the Vacuum (worn) {-Cast +Blink SInv}
   (You found it in an ice cave)

   SInv:      It lets you see invisible.
   +Blink:    It lets you blink.
   -Cast:     It prevents spellcasting.
Jewellery
 c - a ring of see invisible
 d - a ring of flight
 e - an amulet of the acrobat
 u - a +4 ring of protection (right hand)
 C - an amulet of faith (around neck)
 D - the ring "Liochu" {Ice Will+}
   (You found it in an ice cave)

   [ring of ice]

   It enhances your ice magic.
   rF:        It makes you vulnerable to fire.
   rC:        It protects you from cold.
   Will:      It increases your willpower.
 E - a ring of positive energy
 J - a ring of poison resistance
 O - a ring of fire
 P - a ring of resist corrosion (left hand)
 S - a ring of fire
 U - the ring "For Voul" {Ice rElec Int+4}
   (You found it in an ice cave)

   [ring of ice]

   It enhances your ice magic.
   Int:       It affects your intelligence (+4).
   rF:        It makes you vulnerable to fire.
   rC:        It protects you from cold.
   rElec:     It insulates you from electricity.
 V - a ring of willpower
 Z - a +4 ring of protection
Wands
 g - a wand of flame (15)
 h - a wand of acid (16)
 p - a wand of mindburst (25)
 s - a wand of paralysis (23)
 G - a wand of digging (4)
 I - a wand of polymorph (13)
 Y - a wand of iceblast (18)
Scrolls
 a - a scroll of enchant weapon
 r - 19 scrolls of teleportation
 v - 6 scrolls of fog
 y - a scroll of fear
 A - a scroll of silence
 B - 5 scrolls of poison
 X - 3 scrolls of magic mapping
Potions
 i - 3 potions of lignification
 j - 8 potions of curing
 o - 2 potions of mutation
 w - 10 potions of attraction
 z - 3 potions of haste
 H - 2 potions of invisibility
 K - a potion of resistance
 L - 3 potions of cancellation
 M - 3 potions of ambrosia
 T - 2 potions of might
Miscellaneous
 q - a box of beasts
 R - a phial of floods


   Skills:
 + Level 21.0 Fighting
 + Level 20.9 Axes
 + Level 21.0 Armour
 + Level 21.0 Shields


You had 17 spell levels left.
You didn't know any spells.
Your spell library contained the following spells:

 Spells                   Type           Power      Damage    Failure   Level
 Apportation              Tloc           0%         N/A       86%         1
 Necrotise                Necr           0%         1d4       86%         1
 Summon Small Mammal      Summ           0%         N/A       86%         1
 Call Canine Familiar     Summ           0%         N/A       99%         3
 Summon Guardian Golem    Hex/Summ       0%         N/A       99%         3
 Vhi's Electric Charge    Tloc/Air       0%         N/A       99%         3
 Alistair's Intoxication  Tmut/Pois      0%         N/A       100%        5
 Arcjolt                  Conj/Air       0%         1d10      100%        5
 Borgnjor's Vile Clutch   Necr/Erth      0%         N/A       100%        5
 Eringya's Noxious Bog    Tmut/Pois      0%         N/A       100%        6
 Plasma Beam              Fire/Air       0%         2x1d11    100%        6


Dungeon Overview and Level Annotations

Branches:
Dungeon (15/15)            Temple (1/1) D:5            Lair (5/5) D:9
 Shoals (0/4) Lair:2        Snake (4/4) Lair:3        Slime (5/5) Lair:4
    Orc (2/2) D:12            Elf (2/3) Orc:2        Vaults (0/5) D:13
 Depths (0/4) D:15          Sewer (visited)           IceCv (visited)

Altars:
Ashenzari
Cheibriados
Dithmenos
Elyvilon
Fedhas
Gozag
Hepliaklqana
Kikubaaqudgha
Makhleb
Nemelex Xobeh
Okawaru
Qazlal
Ru
Sif Muna
Trog
Uskayaw
Vehumet
Wu Jian
Xom
Yredelemnul
Zin
The Shining One
Jiyva

Shops:
D:8 :((   Orc:2 =:(!   Snake:1 ?[*

Annotations:
D:3 3 runed translucent doors, Alannah's ghost, weakling GrFi; Graphine's ghost, amateur MiHu; Quickbrownfox's ghost, amateur DsCj; jaiteiro's ghost, amateur DEEE


Innate Abilities, Weirdness & Mutations

You have a pair of horns on your head.
You reflexively headbutt those who attack you in melee.
You are partially covered in iridescent scales. (AC +2)
Your mind is acute. (Int +4, Str/Dex -1)
Your body often deteriorates upon taking damage.
Your flesh is heat resistant. (rF+)
You passively map a small area around you.
You sometimes lose the ability to drink potions when taking damage.
Your movements are slightly less encumbered by armour. (ER -2)


Message History

The ooze engulfing you falls away.
You gasp with relief as air once again reaches your lungs.
You hit the rockslime.
The rockslime is moderately wounded.
The rockslime hits you!
You stumble backwards!
You hit the rockslime but do no damage.
You headbutt the rockslime, but do no damage.
The rockslime is moderately wounded.
You block the rockslime's attack. The rockslime completely misses you.
The rockslime hits you!!!
* * * LOW HITPOINT WARNING * * *
You stumble backwards!
You hit the rockslime.
You headbutt the rockslime, but do no damage.
The rockslime is moderately wounded.
You feel the effects of Trog's Hand fading.
You block the rockslime's attack. x2
You slice the rockslime!!
You headbutt the rockslime, but do no damage.
The rockslime is almost dead.
You slash the rockslime!
The rockslime hits you but does no damage.
You block the rockslime's attack. The rockslime hits you.
* * * LOW HITPOINT WARNING * * *
You hold your ground!
The rockslime hits you.
* * * LOW HITPOINT WARNING * * *
You hold your ground!
You slash the rockslime!
You kill the rockslime!
That felt strangely unrewarding.
You hit the rockslime but do no damage. You slice the acid blob!!
Your hands burn!
* * * LOW HITPOINT WARNING * * *
Your skin stops crawling.
You feel less strong-willed. You block the rockslime's attack.
The acid blob spits acid at you. The splash of acid hits you! You resist.
* * * LOW HITPOINT WARNING * * *
The acid corrodes you! The rockslime closely misses you.
The rockslime hits you!!
You die...

#.....#....#.........#......
#.....................#....#
##...##...#...#......###...#
#........##..##.............
##...##.##JJ.#..............
#####...##J###.#.......##.#
#..*##.######..#....###
...*#JJJ# #####..## ##.#
##@## #### ** ###


You could see an acid blob, an azure jelly, 2 rockslimes and 2 quicksilver
oozes.

Vanquished Creatures
  Nikola (Snake:4)
  An Ice Fiend (IceCv)
  Asterion (Snake:3)
  A quicksilver dragon (Snake:4)
  20 acid blobs
  5 azure jellies
  4 nagarajas (Snake:4)
  Kirke (Elf:1)
  12 rockslimes
  Louise (Snake:2)
  Aizul (Snake:2)
  14 quicksilver oozes
  A very ugly thing (IceCv)
  An ettin (D:15)
  Snorg (Lair:4)
  6 great orbs of eyes
  A deep elf high priest (Elf:1)
  9 hydras
  6 salamander tyrants (Snake:4)
  2 vault guards
  An alligator (Lair:5)
  A catoblepas (Lair:5)
  9 anacondas
  5 centaur warriors
  5 two-headed ogres
  A tengu warrior (D:13)
  10 naga warriors
  2 boulder beetles
  An orc high priest (D:12)
  Urug (Orc:1)
  17 naga sharpshooters
  4 deep elf knights
  5 shock serpents
  6 salamander mystics
  3 skeletal warriors (D:15)
  2 fire crabs
  A skyshark (Lair:5)
  2 glowing orange brains
  7 sea snakes
  2 deep trolls (D:15)
  7 naga ritualists
  7 spriggan simulacra (IceCv)
  2 necromancers (D:15)
  A wizard (D:15)
  4 deep elf archers
  An obsidian statue (IceCv)
  An orange crystal statue (D:14)
  17 deep elf pyromancers
  10 mana vipers
  12 deep elf zephyrmancers (Elf:1)
  6 orc knights
  3 orc sorcerers
  2 ugly things (D:13)
  5 cyclopes
  4 manticores
  25 salamanders
  9 shining eyes
  An oklob plant (Lair:5)
  6 guardian serpents
  6 eyes of devastation
  20 elephants
  18 naga magi
  Maurice (Orc:1)
  40 black mambas
  5 cane toads
  An unseen horror (D:12)
  A kobold demonologist (D:11)
  2 freezing wraiths (IceCv)
  4 rime drakes
  A tengu conjurer (D:13)
  11 komodo dragons
  3 ice devils (IceCv)
  A golden dragon simulacrum (IceCv)
  A yaktaur (D:15)
  4 anaconda simulacra (IceCv)
  5 trolls
  14 polar bears
  Prince Ribbit (D:8)
  3 meliai
  21 blink frogs
  A raiju (Lair:5)
  3 air elementals (Elf:1)
  Sigmund (D:5)
  A water elemental (Orc:2)
  3 wraiths
  99 slime creatures
  2 shadows
  31 yaks
  A hog (Elf:1)
  10 humans (D:13)
  3 golden eyes (Slime:2)
  3 basilisks
  A steam dragon (D:8)
  10 minotaur simulacra (IceCv)
  4 vampire mosquitoes (D:11)
  8 wargs
  35 nagas
  Edmund (D:6)
  6 water moccasins
  3 acid dragons
  14 hell hounds (Lair:5)
  A hydra simulacrum (IceCv)
  5 ice beasts (D:9)
  An ettin simulacrum (IceCv)
  13 black bears
  2 alligator simulacra (IceCv)
  3 sky beasts
  7 ogres
  42 orc warriors
  A tengu (shapeshifter) (D:15)
  20 centaurs
  34 wolves
  4 phantoms
  8 bullfrogs
  3 kobold brigands
  2 gnoll sergeants
  An earth elemental (Elf:2)
  5 scorpions
  10 deep troll simulacra (IceCv)
  3 wights (D:10)
  15 killer bees
  6 howler monkeys
  2 hounds (D:5)
  A jelly (D:6)
  10 orc priests
  A gnoll bouda (D:6)
  2 sleepcaps
  3 iguanas
  15 orc wizards
  Robin (D:3)
  18 adders
  20 gnolls
  7 river rats
  2 shadow imps
  3 white imps
  5 worms
  5 dart slugs
  74 orcs
  12 ball pythons
  17 bats
  8 endoplasms
  5 giant cockroaches
  13 goblins
  12 hobgoblins
  2 jackals (Sewer)
  15 kobolds
  9 quokkas
  3 frilled lizards
  8 rats
1159 creatures vanquished.

Vanquished Creatures (collateral kills)
  the Royal Jelly (Slime:5)
  A quicksilver dragon (Snake:4)
  Frances (Elf:1)
3 creatures vanquished.

Vanquished Creatures (others)
  A deep elf knight (Elf:1)
  3 humans
  A black bear (Lair:5)
  A wolf (Lair:5)
  3 killer bees (D:6)
9 creatures vanquished.

Grand Total: 1171 creatures vanquished

Notes
Turn   | Place    | Note
-------+----------+-------------------------------------------
     0 | D:1      | AndyM the Minotaur Fighter began the quest for the Orb.
     0 | D:1      | Reached XP level 1. HP: 19/19 MP: 0/0
   147 | D:1      | Reached XP level 2. HP: 24/27 MP: 1/1
   403 | D:1      | Reached XP level 3. HP: 32/33 MP: 2/2
  1538 | D:3      | Noticed Robin
  1551 | D:2      | Reached XP level 4. HP: 38/41 MP: 3/3
  1663 | D:3      | Killed Robin
  1796 | D:3      | Reached XP level 5. HP: 30/47 MP: 4/4
  1959 | D:3      | Found a runed translucent gate.
  1960 | D:3      | Found a runed translucent gate.
  1960 | D:3      | Found a runed translucent gate.
  1961 | D:3      | Noticed Alannah's ghost (weakling GrFi)
  1961 | D:3      | Noticed jaiteiro's ghost (amateur DEEE)
  1961 | D:3      | Noticed Quickbrownfox's ghost (amateur DsCj)
  1961 | D:3      | Noticed Graphine's ghost (amateur MiHu)
  2495 | D:4      | Reached skill level 5 in Fighting
  2518 | D:4      | Noticed a black bear
  2523 | D:4      | Killed a black bear
  2524 | D:4      | Reached skill level 5 in Armour
  2524 | D:4      | Reached skill level 5 in Shields
  2524 | D:4      | Reached XP level 6. HP: 56/56 MP: 5/5
  2576 | D:4      | Found a glowing drain.
  2615 | Sewer    | Entered a sewer
  3518 | D:4      | Reached skill level 5 in Axes
  3518 | D:4      | Reached XP level 7. HP: 49/62 MP: 6/6
  4452 | D:5      | Entered Level 5 of the Dungeon
  4481 | D:5      | Noticed Sigmund
  4836 | D:5      | Found a staircase to the Ecumenical Temple.
  4858 | Temple   | Entered the Ecumenical Temple
  4943 | Temple   | Became a worshipper of Trog the Wrathful
  5051 | D:5      | Killed Sigmund
  5090 | D:5      | Reached XP level 8. HP: 62/71 MP: 7/7
  5566 | D:5      | Gained mutation: You have sharp toenails. [potion of
                  | mutation]
  5566 | D:5      | Gained mutation: You are robust. (+10% HP) [potion of
                  | mutation]
  5590 | D:6      | Noticed Edmund
  5600 | D:6      | Killed Edmund
  5997 | D:6      | Reached * piety under Trog
  6229 | D:6      | Reached XP level 9. HP: 86/89 MP: 8/8
  6379 | D:6      | Found a shimmering blue altar of Sif Muna.
  7730 | D:7      | Found a broken altar of Ashenzari.
  8468 | D:8      | Reached ** piety under Trog
  8874 | D:8      | Found a burning altar of Makhleb.
  8960 | D:8      | Noticed Prince Ribbit
  8982 | D:8      | Killed Prince Ribbit
  9032 | D:8      | Found Fiothaism's Antique Weapon Shoppe.
  9249 | D:8      | Identified the +1 robe of Biejel {Archmagi}
  9252 | D:8      | Noticed a two-headed ogre
  9342 | D:8      | Found a hide-covered altar of Uskayaw.
  9369 | D:8      | Reached XP level 10. HP: 83/100 MP: 9/9
  9527 | D:8      | Found Pean's Book Shop.
  9606 | D:8      | Noticed a two-headed ogre
  9849 | D:8      | Killed a two-headed ogre
 10202 | D:8      | Found Dauc's Weapon Shop.
 10348 | D:9      | Reached skill level 10 in Fighting
 10352 | D:9      | Reached skill level 10 in Armour
 10352 | D:9      | Reached skill level 10 in Shields
 10404 | D:9      | Reached skill level 10 in Axes
 10667 | D:9      | Found a staircase to the Lair.
 10833 | D:9      | Identified the +3 trident of the Transmuting Gods {elec,
                  | rElec Will+ Str+3 SInv}
 10989 | D:9      | Noticed a two-headed ogre
 11011 | D:9      | Killed a two-headed ogre
 11307 | D:9      | Found a hide-covered altar of Uskayaw.
 11398 | D:9      | Found a stormy altar of Qazlal.
 11592 | D:10     | Entered Level 10 of the Dungeon
 11842 | D:10     | Identified a scroll of acquirement
 11844 | D:10     | Acquired the +2 cloak of Modesty {Rampage Will+ Int+3
                  | Dex+2}
 11879 | D:10     | Found a shimmering altar of Xom.
 11881 | D:10     | Found a shimmering altar of Xom.
 11890 | D:10     | Found a shimmering altar of Xom.
 12476 | D:10     | Noticed a two-headed ogre
 12488 | D:10     | Killed a two-headed ogre
 12489 | D:10     | Reached XP level 11. HP: 112/112 MP: 10/10
 13182 | D:11     | Noticed a two-headed ogre
 13192 | D:11     | Killed a two-headed ogre
 13420 | D:11     | Noticed a vault guard
 13426 | D:11     | Killed a vault guard
 13611 | D:11     | Found a portal to a secret trove of treasure.
 14532 | D:12     | Noticed a boulder beetle
 14564 | D:12     | Killed a boulder beetle
 14689 | D:12     | Found a staircase to the Orcish Mines.
 15074 | D:13     | Noticed an orc knight
 15101 | D:13     | Killed an orc knight
 15177 | D:13     | Noticed a red ugly thing
 15192 | D:13     | Killed a red ugly thing
 15430 | D:13     | Noticed a four-headed hydra
 15653 | D:13     | Noticed a centaur warrior
 15654 | D:13     | Noticed a tengu warrior
 16095 | Orc:1    | Entered Level 1 of the Orcish Mines
 16119 | Orc:1    | Reached XP level 12. HP: 124/124 MP: 11/11
 16228 | Orc:1    | Noticed an orc high priest
 16254 | D:12     | Killed an orc high priest
 16502 | Orc:1    | Noticed Maurice
 16514 | Orc:1    | Killed Maurice
 16516 | Orc:1    | Noticed Urug
 16527 | Orc:1    | Killed Urug
 17224 | Orc:2    | Entered Level 2 of the Orcish Mines
 17227 | Orc:2    | Paralysed by an orc sorcerer for 3 turns
 17498 | Orc:2    | Reached *** piety under Trog
 18303 | Orc:2    | Found a staircase to the Elven Halls.
 18387 | Orc:2    | Noticed a centaur warrior
 18390 | Orc:2    | Noticed a centaur warrior
 18411 | Orc:2    | Killed a centaur warrior
 18418 | Orc:2    | Killed a centaur warrior
 18496 | Orc:2    | Reached **** piety under Trog
 18506 | Orc:2    | Reached XP level 13. HP: 135/135 MP: 12/12
 18658 | Orc:2    | Found Agef's Book Emporium.
 18658 | Orc:2    | Found Cokujim's Antique Weapon Shop.
 18660 | Orc:2    | Found Apatef's Distillery.
 18662 | Orc:2    | Found Fekk's Jewellery Shoppe.
 18798 | Elf:1    | Entered Level 1 of the Elven Halls
 19196 | Elf:1    | Paralysed by an air elemental for 1 turns
 19198 | Elf:1    | Paralysed by an air elemental for 1 turns
 19437 | Elf:1    | Paralysed by an air elemental for 1 turns
 19443 | Elf:1    | Paralysed by an air elemental for 1 turns
 19448 | Elf:1    | Paralysed by an air elemental for 1 turns
 19452 | Elf:1    | Paralysed by an air elemental for 1 turns
 19459 | Elf:1    | Paralysed by an air elemental for 1 turns
 19464 | Elf:1    | Paralysed by an air elemental for 1 turns
 19594 | Elf:1    | Paralysed by an air elemental for 1 turns
 19599 | Elf:1    | Paralysed by an air elemental for 1 turns
 19606 | Elf:1    | Paralysed by an air elemental for 1 turns
 19609 | Elf:1    | Paralysed by an air elemental for 1 turns
 19900 | Elf:1    | Noticed Frances
 19913 | Elf:1    | Killed Frances
 21168 | Elf:1    | Noticed Kirke
 21181 | Elf:1    | Killed Kirke
 21704 | Elf:2    | Reached skill level 15 in Fighting
 21816 | Elf:2    | Reached skill level 15 in Armour
 21816 | Elf:2    | Reached skill level 15 in Shields
 22490 | D:8      | Bought a +5 vampiric war axe for 525 gold pieces
 22560 | Lair:1   | Entered Level 1 of the Lair of Beasts
 22589 | Lair:1   | Reached XP level 14. HP: 148/148 MP: 13/13
 22909 | Lair:1   | Reached skill level 15 in Axes
 23768 | Lair:2   | Found a staircase to the Shoals.
 24057 | Lair:2   | Reached ***** piety under Trog
 25093 | Lair:3   | Found a staircase to the Snake Pit.
 25644 | Lair:4   | Found a staircase to the Slime Pits.
 25645 | Lair:4   | Found a viscous altar of Jiyva.
 25773 | Lair:4   | Noticed Snorg
 25781 | Lair:4   | Killed Snorg
 26643 | Lair:5   | Entered Level 5 of the Lair of Beasts
 27021 | Lair:5   | Received a gift from Trog
 27459 | Lair:5   | Reached XP level 15. HP: 159/159 MP: 14/14
 29089 | Snake:1  | Entered Level 1 of the Snake Pit
 29089 | Snake:1  | Found Hoixko's Magic Scroll Boutique.
 29307 | Snake:1  | Received a gift from Trog
 29619 | Snake:1  | Found Uchyogomp's Antique Armour Shoppe.
 30005 | Snake:1  | Found Fijet's General Store.
 30009 | Snake:1  | Bought a potion of magic for 136 gold pieces
 30009 | Snake:1  | Bought a potion of curing for 51 gold pieces
 31172 | Snake:2  | Found a frozen archway.
 31174 | Snake:2  | Noticed Aizul
 31178 | IceCv    | Entered an ice cave
 31676 | IceCv    | Reached XP level 16. HP: 164/172 MP: 15/15
 32162 | IceCv    | Received a gift from Trog
 32189 | IceCv    | Noticed an Ice Fiend
 32237 | IceCv    | Killed an Ice Fiend
 32393 | IceCv    | Identified the ring "Liochu" {Ice Will+}
 32397 | IceCv    | Identified the ring "For Voul" {Ice rElec Int+4}
 32406 | IceCv    | Identified the +2 pair of boots of the Vacuum {-Cast +Blink
                  | SInv}
 32574 | Snake:2  | Killed Aizul
 33142 | Snake:2  | Noticed Louise
 33190 | Snake:2  | Killed Louise
 34416 | Snake:1  | Bought a scroll of summoning for 152 gold pieces
 34416 | Snake:1  | Bought a scroll of identify for 32 gold pieces
 34416 | Snake:1  | Bought a scroll of identify for 32 gold pieces
 34665 | D:11     | You paid a toll of 6 scrolls of blinking to enter a
                  | treasure trove
 34666 | Trove    | Entered a treasure trove
 34668 | Trove    | Found the +8 frozen axe "Frostbite" {freeze, freezing
                  | cloud, *Noise Fly rC+}
 34670 | Trove    | Identified the +6 short sword "Omoibrac" {flame, rCorr
                  | Int+4}
 34671 | Trove    | Identified the +10 executioner's axe of Seydd {venom, rPois
                  | Str-2 Dex+4}
 34672 | Trove    | Identified the +4 rapier of Zoene {heavy, rElec rF- Str+3}
 34684 | Trove    | Identified the +2 bardiche of Nahu {heavy, Str+4}
 35145 | Snake:3  | Received a gift from Trog
 35641 | Snake:3  | Noticed Asterion
 35665 | Snake:3  | Noticed an Executioner
 35688 | Snake:3  | Noticed an Executioner
 35698 | Snake:3  | Killed Asterion
 36712 | Snake:4  | Entered Level 4 of the Snake Pit
 37078 | Snake:4  | Received a gift from Trog
 37079 | Snake:4  | Reached XP level 17. HP: 182/182 MP: 16/16
 37127 | Snake:4  | Found a broken altar of Ashenzari.
 37131 | Snake:4  | Noticed Nikola
 37144 | Snake:4  | Killed Nikola
 38428 | Snake:4  | Noticed a quicksilver dragon
 38436 | Snake:4  | Noticed a quicksilver dragon
 38442 | Snake:4  | Killed a quicksilver dragon
 38449 | Snake:4  | Killed a quicksilver dragon
 38852 | Snake:4  | Got a serpentine rune of Zot
 39826 | D:13     | Found a gate to the Vaults.
 41512 | D:14     | Found a shimmering blue altar of Sif Muna.
 41682 | D:14     | Identified the staff of air "Ysess" {rElec Str+4 Dex+3}
 41787 | D:15     | Entered Level 15 of the Dungeon
 42651 | D:15     | Received a gift from Trog
 42928 | D:15     | Found a staircase to the Depths.
 43811 | Slime:1  | Entered Level 1 of the Pits of Slime
 43837 | Lair:4   | HP: 11/280 [quicksilver ooze (14)]
 44360 | Slime:1  | Gained mutation: You passively map a small area around you.
                  | [a shining eye]
 44696 | Slime:1  | Gained mutation: Your flesh is heat resistant. (rF+) [a
                  | shining eye]
 44698 | Slime:1  | Gained mutation: You are clumsy. (Dex -2) [a shining eye]
 44703 | Slime:1  | Gained mutation: Your movements are slightly less
                  | encumbered by armour. (ER -2) [a shining eye]
 44777 | Slime:2  | Gained mutation: You are occasionally teleported next to
                  | monsters. [a shining eye]
 44778 | Slime:2  | Lost mutation: You are robust. (+10% HP) [a shining eye]
 44784 | Slime:2  | Gained mutation: You are dopey. (Int -2) [a shining eye]
 44788 | Slime:2  | Gained mutation: Your body sometimes deteriorates upon
                  | taking damage. [a shining eye]
 44790 | Slime:2  | Gained mutation: Your body often deteriorates upon taking
                  | damage. [a shining eye]
 44800 | Slime:2  | Reached XP level 18. HP: 136/178 MP: 6/17
 45004 | Slime:3  | Gained mutation: You sometimes lose your temper in combat.
                  | [a shining eye]
 45335 | Slime:2  | Gained mutation: You occasionally lose the ability to drink
                  | potions when taking damage. [a shining eye]
 45338 | Slime:2  | Gained mutation: Your magical capacity is low. (-10% MP) [a
                  | shining eye]
 45343 | Slime:2  | Received a gift from Trog
 46195 | Slime:4  | Lost mutation: Your body often deteriorates upon taking
                  | damage. [a shining eye]
 46198 | Slime:4  | Gained mutation: Your body often deteriorates upon taking
                  | damage. [a shining eye]
 46202 | Slime:4  | Gained mutation: You occasionally lose the ability to read
                  | scrolls when taking damage. [a shining eye]
 46405 | Slime:4  | Lost mutation: You are clumsy. (Dex -2) [potion of
                  | mutation]
 46405 | Slime:4  | Lost mutation: You have sharp toenails. [potion of
                  | mutation]
 46405 | Slime:4  | Lost mutation: You are occasionally teleported next to
                  | monsters. [potion of mutation]
 46406 | Slime:4  | Lost mutation: You sometimes lose your temper in combat.
                  | [potion of mutation]
 46406 | Slime:4  | Lost mutation: You are dopey. (Int -2) [potion of mutation]
 46406 | Slime:4  | Lost mutation: You occasionally lose the ability to read
                  | scrolls when taking damage. [potion of mutation]
 46406 | Slime:4  | Gained mutation: You are partially covered in iridescent
                  | scales. (AC +2) [potion of mutation]
 46406 | Slime:4  | Lost mutation: Your magical capacity is low. (-10% MP)
                  | [potion of mutation]
 46406 | Slime:4  | Gained mutation: Your mind is acute. (Int +4, Str/Dex -1)
                  | [potion of mutation]
 47279 | Slime:5  | Entered Level 5 of the Pits of Slime
 47848 | Slime:5  | Gained mutation: You sometimes lose the ability to drink
                  | potions when taking damage. [a shining eye]
 47852 | Slime:5  | Received a gift from Trog
 48082 | Slime:5  | Found a viscous altar of Jiyva.
 48646 | Slime:5  | Noticed the Royal Jelly
 49071 | Slime:5  | Killed the Royal Jelly
 49085 | Slime:4  | HP: 6/182 [acid blob/splash of acid[the Royal Jelly] (11)]
 49085 | Slime:4  | Demolished by a rockslime

Illustrated notes

Levels and vault maps discovered:
D:1:      amcnicky_arrival_blooded_trapdoor, layout_basic,
          minmay_small_reverse_x
D:2:      layout_basic
D:3:      layout_loops_ring, gammafunk_ghost_cemetery, uniq_robin
D:4:      layout_layer_cave, portal_sewer_entry_c
D:5:      layout_rooms, minmay_temple_entry_tees, uniq_sigmund
D:6:      layout_cave_pools, mainiacjoe_overflow_tiny_flanked,
          grunt_ministairs_3, hangedman_decor_push, roderic_lattice_a,
          lemuel_flame_loot_1, uniq_edmund
D:7:      layout_basic, mainiacjoe_overflow_small_starburst, nicolae_sextant,
          minmay_fractal_squares_diagonal_5
D:8:      layout_cave_pods, serial_shops, shop, nicolae_shop_hallway_plus,
          nicolae_book_shop_shelving, hangedman_feature_mirror, minmay_puff,
          uniq_prince_ribbit1
D:9:      layout_loops_corners, nicolae_qazlal_general_emergency,
          mainiacjoe_overflow_boulevard, hellmonk_lair_entry_icy
D:10:     layout_irregular_city, xom_redecorated
D:11:     layout_long_grid, enter_trove_5
D:12:     layout_loops_corners, orc_0_dummy, minivault_21
D:13:     layout_basic, ximxim_vaults_locker_room
D:14:     layout_irregular_city, lemuel_blue_sif_altar, minivault_15,
          kennysheep_small_spiral
D:15:     hangedman_depths_entry_civil_slaughter, layout_basic, serial_curves,
          eino_curves_04, eino_curves_04, hangedman_decor_clover_reticule
Temple:   nicolae_temple_bog_church
Lair:1:   layout_roguey
Lair:2:   minmay_lair_venomous_thicket, layout_cave_pods, shoals_dummy_entry,
          lemuel_fruit_tree
Lair:3:   layout_regular_city, guppyfry_snake_entry_island,
          lightli_volcano_entry_magma_tube
Lair:4:   beast_lair_carwin_large_4, layout_regular_city, slime_entry_1,
          grunt_megastairs_4, uniq_snorg
Lair:5:   hangedman_lair_caniforms_friends, layout_big_grid,
          chequers_serial_rivers_micro_c, grunt_forest_small_clearings,
          eino_small_chamber_without_monster, st_stairs_4,
          minmay_lair_oklob_bushes, grunt_forest_stairs_basic
Snake:1:  layout_chambers, serial_shops, nicolae_shop_window_shopping,
          nicolae_take_the_stairs, nicolae_shop_stone, grunt_megastairs_1
Snake:2:  nicolae_snake_shooting_gallery, layout_chambers,
          portal_ice_cave_entry_pillars_four, nicolae_snake_lava_pool,
          uniq_louise, uniq_aizul
Snake:3:  layout_layer_cave, drop_trap, uniq_asterion
Snake:4:  hellmonk_snake_rune_quicksilver_temple, layout_misc_corridors,
          basic_altar, serial_bayou_shore_a, uniq_nikola
Slime:1:  layout_caves
Slime:2:  layout_caves
Slime:3:  layout_caves
Slime:4:  layout_caves, nicolae_slime_barrier
Slime:5
Orc:1:    layout_diamond_mine, uniq_urug, uniq_maurice
Orc:2:    st_orc_rangers, layout_diamond_mine, nicolae_orc_tapped_out
Elf:1:    elf_arrival_002, layout_onion_city, kennysheep_underground_church,
          st_stairs_6, nicolae_elf_glass_and_crystal_pillar_1, uniq_frances,
          uniq_kirke
Elf:2:    elven_hall_of_blades_hangedman_alternative
          [nicolae_blade_entry_area_security], layout_gridlike, serial_shops,
          nicolae_shop_statue_plus, nicolae_shop_firing_range,
          lemuel_upstairs_altar

Skill      XL: |  1  2  3  4  5  6  7  8  9 10 11 12 13 14 15 16 17 18 |
---------------+-------------------------------------------------------+-----
Fighting       | 4 5 6 7 9 11 12 13 15 16 17 18 20 21 | 21.0
Armour         | 4 5 6 7 9 10 12 13 15 16 17 18 20 21 | 21.0
Shields        | 4 5 6 7 9 10 12 13 15 16 17 18 20 21 | 21.0
Axes           | 3 4 5 6 7 9 10 12 13 14 16 17 18 19 20 | 20.9

Action                     |  1- 3 |  4- 6 |  7- 9 | 10-12 | 13-15 | 16-18 || total
---------------------------+-------+-------+-------+-------+-------+-------++-------
  Melee: War axe           |    84 |   170 |   306 |   385 |  1050 |  1092 ||  3087
         Headbutt          |     7 |    21 |    53 |   151 |   311 |   299 ||   842
         Hand axe          |       |       |       |   299 |   246 |       ||   545
 Invoke: Trog's Hand       |       |       |       |    15 |    21 |    18 ||    54
         Berserk           |       |       |       |     7 |     8 |     6 ||    21
         Brothers in Arms  |       |       |       |       |     2 |     7 ||     9
Ability: Evoke Blink       |       |       |       |       |       |     3 ||     3
  Evoke: Wand              |       |       |       |       |     1 |     1 ||     2
    Use: Potion            |       |     3 |     2 |     1 |       |    15 ||    21
         Scroll            |       |       |     7 |    16 |    11 |    16 ||    50
   Stab: Distracted        |       |       |       |       |     2 |       ||     2
 Armour: Scale mail        |    49 |    71 |    43 |       |       |       ||   163
         Chain mail        |       |       |   147 |       |       |       ||   147
         Plate armour      |       |       |    21 |   443 |   807 |   606 ||  1877
  Dodge: Dodged            |    41 |   113 |   216 |   217 |   344 |   221 ||  1152
  Block: Buckler           |    21 |    30 |    98 |    52 |       |       ||   201
         Tower shield      |       |       |       |   734 |  1473 |  1529 ||  3736
